 Dungeon Crawl Stone Soup version 0.23-a0-489-g205b0b6 (webtiles) character file.

178 MisterFreud the Cleaver (level 5, -6/63 HPs)
             Began as a Hill Orc Gladiator on Dec 1, 2018.
             Was an Initiate of Beogh.
             Mangled by an ogre
             ... wielding a cursed -2 giant club
              (12 damage)
             ... on level 4 of the Dungeon on Dec 2, 2018.
             The game lasted 00:04:44 (2632 turns).

MisterFreud the Cleaver (Hill Orc Gladiator)        Turns: 2632, Time: 00:04:45

Health: -6/63      AC: 22    Str: 18    XL:     5   Next: 58%
Magic:  5/5        EV:  2    Int:  8    God:    Beogh [......]
Gold:   124        SH:  0    Dex: 12    Spells: 4/4 levels left

rFire    + . .     SeeInvis .   a - +0 war axe
rCold    + . .     Gourm    .   (no shield)
rNeg     + + +     Faith    .   (armour currently unavailable)
rPois    +         Spirit   .   (helmet currently unavailable)
rElec    +         Reflect  .   (cloak currently unavailable)
rCorr    +         Harm     .   (gloves currently unavailable)
MR       .....     NoTele   +   (boots currently unavailable)
Stlth    +.........             (no amulet)
HPRegen  0.20/turn              k - ring of positive energy
MPRegen  0.09/turn              (no ring)

@: confused, lethally poisoned (-6 -> -8), tree-form, resistant
A: no striking features
a: Renounce Religion


You were on level 4 of the Dungeon.
You worshipped Beogh.
Beogh was noncommittal.
You were hungry.
You were a tree.
You visited 1 branch of the dungeon, and saw 4 of its levels.

You collected 124 gold pieces.

Inventory:

Hand Weapons
 a - a +0 war axe (weapon)
 x - a +2 morningstar of flaming
Missiles
 d - 3 throwing nets (quivered)
 e - 66 stones
 i - 115 bolts
 l - 51 arrows
 y - 17 sling bullets
Armour
 b - a +0 leather armour (melded)
 c - a +0 helmet (melded)
Jewellery
 k - a ring of positive energy (left branch)
 u - an uncursed ring of ice
Scrolls
 g - a scroll of remove curse {unknown}
 j - a scroll of enchant armour {unknown}
 n - a scroll of enchant weapon {unknown}
 q - 2 scrolls of magic mapping {unknown}
 r - a scroll of random uselessness {unknown}
 s - a scroll of identify {unknown}
 t - 3 scrolls of teleportation {unknown}
Potions
 h - a potion of flight
 o - a potion of degeneration {unknown}
 p - 2 potions of lignification
 v - a potion of ambrosia
 w - a potion of berserk rage {unknown}
 z - a potion of mutation {unknown}
Comestibles
 f - 9 rations


   Skills:
 + Level 2.6 Fighting
 - Level 8.0 Axes
 - Level 1.7 Throwing
 - Level 2.4 Dodging


You had 4 spell levels left.
You didn't know any spells.
Your spell library was empty.

Dungeon Overview and Level Annotations

Branches:
Dungeon (4/15)
 Temple: D:4-7

Altars:
Fedhas
Makhleb
Qazlal
The Shining One

Shops:
D:4 }

Annotations:
D:4 1 transporter


Message History

Your +0 helmet melds into your body.
Your +0 leather armour melds into your body.
Your roots penetrate the ground.
The ogre hits you with a cursed -2 giant club.
* * * LOW HITPOINT WARNING * * *
It was a potion of flight.
Your roots keep you in place.
The worker ant bites you.
* * * LOW HITPOINT WARNING * * *
The ogre hits you with a cursed -2 giant club.
* * * LOW HITPOINT WARNING * * *
It was a potion of ambrosia.
You are confused.
You feel invigorated.
You feel sick.
The worker ant bites you but does no damage.
It was a potion of resistance.
You feel protected. The worker ant bites you.
* * * LOW HITPOINT WARNING * * *
The ogre hits you with a cursed -2 giant club!
You die...

..#...∩........#.......#
.$#......#..[....##....#
.[#©.....##..#......####
.[#......##.###......#
..#.#.>.##..##......##
.8#.##..#.<........)#
©##%.#..#..##.......##
##.....O#............#
.$.....a♣...##.......#
####.......###...#..##
#....#.###.......#
##...### ##.##..## #####
####..# ####


You could see an ogre and a worker ant.

Vanquished Creatures
  A centaur zombie (D:3)
  A worker ant (D:3)
  A gnoll (D:1)
  4 adders (D:2)
  3 oozes
  A worm (D:3)
  A dart slug (D:2)
  5 leopard geckos
  3 orcs
  A ball python (D:1)
  3 giant cockroaches (D:1)
  3 goblins
  4 hobgoblins
  5 jackals
  5 kobolds
  2 quokkas (D:2)
  10 bats
  4 frilled lizards
  4 rats
61 creatures vanquished.

Vanquished Creatures (others)
  An orc (D:3)
  A rat (D:3)
2 creatures vanquished.

Grand Total: 63 creatures vanquished

Notes
Turn   | Place    | Note
-------+----------+-------------------------------------------
     0 | D:1      | MisterFreud the Hill Orc Gladiator began the quest for the
                  | Orb.
     0 | D:1      | Reached XP level 1. HP: 18/18 MP: 1/1
   252 | D:1      | Reached skill level 5 in Axes
   252 | D:1      | Reached XP level 2. HP: 18/25 MP: 2/2
   342 | D:1      | Reached XP level 3. HP: 16/30 MP: 3/3
   842 | D:1      | Reached skill level 6 in Axes
  1311 | D:2      | Reached XP level 4. HP: 35/37 MP: 4/4
  1489 | D:2      | Reached skill level 7 in Axes
  1561 | D:2      | Found a stormy altar of Qazlal.
  1617 | D:2      | Found a burning altar of Makhleb.
  1762 | D:2      | Found a glowing golden altar of the Shining One.
  1888 | D:3      | Reached XP level 5. HP: 29/42 MP: 5/5
  1931 | D:3      | Became a worshipper of Beogh the Brigand
  2347 | D:3      | Found a blossoming altar of Fedhas.
  2353 | D:3      | Reached skill level 8 in Axes
  2573 | D:4      | Noticed an ogre
  2612 | D:4      | Found Suasant's Gadget Emporium.
  2619 | D:4      | Upgraded the game from 0.23-a0-488-g5fd82c5 to
                  | 0.23-a0-489-g205b0b6
  2619 | D:4      | Found a transporter.
  2630 | D:4      | HP: 1/63 [ogre/cursed -2 giant club (3)]
  2632 | D:4      | Mangled by an ogre

Vault maps used:
D:1:      lightli_arrival_windingriver, minmay_door_square
D:2:      marbit_many_paths, nicolae_qazlal_eye_of_the_storm,
          nicolae_tso_swordbearing_angel
D:3:      first_ration, fedhas_altar_1
D:4:      minmay_skewed_foursquare, trog_eyes_of_draining,
          nicolae_gozag_cash_rules_everything_around_me, gammafunk_ghost_arena,
          serial_shops, shop, columned_hall_lemuel, uniq_ijyb

Skill      XL: |  1  2  3  4  5 |
---------------+----------------+-----
Axes           | 5 6 7 8 |  8.0
Fighting       | |  2.6
Throwing       | |  1.7
Dodging        | |  2.4

Action                   |  1- 3 |  4- 6 || total
-------------------------+-------+-------++-------
Melee: War axe           |    80 |    89 ||   169
Invok: Convert to Beogh  |       |     1 ||     1
  Use: Potion            |       |     4 ||     4
  Eat: Chunk             |     1 |     4 ||     5
Armor: Leather armour    |    34 |    16 ||    50
       Skin              |       |     1 ||     1
Dodge: Dodged            |    55 |    66 ||   121

Table legend:
 A = Non-vault XP
 B = Vault XP
 C = Vault XP percentage of total XP
 D = Non-vault monster count
 E = Vault monster count
 F = Vault count percentage of total count
                 A         B        C        D         E       F
            +---------+---------+-------+---------+---------+-------
      Total |     253 |       2 |   0.8 |      60 |       1 |   1.6
            +---------+---------+-------+---------+---------+-------
        D:1 |      66 |       0 |   0.0 |      25 |       0 |   0.0
        D:2 |      88 |       2 |   2.2 |      24 |       1 |   4.0
        D:3 |      86 |       0 |   0.0 |       8 |       0 |   0.0
        D:4 |      13 |       0 |   0.0 |       3 |       0 |   0.0
            +---------+---------+-------+---------+---------+-------
